 Dungeon Crawl Stone Soup version 0.30-a0-122-g2a1322497e (webtiles) character file.

Game seed: 4505770306135085664

35 Dreamer the Sneak (level 3, 0/24 HPs)
             Began as a Vampire Enchanter on Sept 16, 2022.
             Succumbed to an adder's poison
             ... on level 2 of the Dungeon.
             The game lasted 00:01:59 (575 turns).

Dreamer the Sneak (Vampire Enchanter)                Turns: 575, Time: 00:02:01

Health: 0/24       AC:  2    Str:  7    XL:     3   Next: 16%
Magic:  2/7        EV: 12    Int: 17    God:
Gold:   52         SH:  0    Dex: 16    Spells: 5/7 levels left

rFire   . . .      SeeInvis +    a - +1 dagger
rCold   . . .      Faith    .    (no shield)
rNeg    . . .      Spirit   .    b - +0 robe
rPois   .          Reflect  .    (no helmet)
rElec   .          Harm     .    (no cloak)
rCorr   .          Rampage  .    (no gloves)
Will    .....                    (no boots)
Stlth   +++.......               (no amulet)
HPRegen 0.28/turn                (no ring)
MPRegen 0.10/turn                (no ring)

@: lethally poisoned (0 -> -2), healing quickly
A: alive, fangs 3, see invisible, vampiric 2
a: Exsanguinate


You were on level 2 of the Dungeon.
You visited 1 branch of the dungeon, and saw 2 of its levels.

You collected 52 gold pieces.

Inventory:

Hand Weapons
 a - a +1 dagger (weapon)
Armour
 b - a +0 robe (worn)
Jewellery
 g - a ring of protection from fire
Scrolls
 d - a scroll of immolation {unknown}
 e - 2 scrolls of identify {unknown}
 h - a scroll of teleportation {unknown}
Potions
 c - 2 potions of invisibility
 f - a potion of ambrosia {unknown}


   Skills:
 - Level 1.1 Short Blades
 - Level 2.1 Dodging
 + Level 5.0 Stealth
 * Level 2.8 Spellcasting
 + Level 4.9 Hexes


You had 5 spell levels left.
You knew the following spells:

 Your Spells              Type           Power      Damage    Failure   Level
a - Ensorcelled Hibernat  Hex/Ice        20%        N/A       10%         2

Your spell library contained the following spells:

 Spells                   Type           Power      Damage    Failure   Level
 Confusing Touch          Hex            19%        N/A       7%          3
 Tukima's Dance           Hex            19%        N/A       7%          3
 Dazzling Flash           Conj/Hex       20%        N/A       19%         3


Dungeon Overview and Level Annotations

Branches:
Dungeon (2/15)

Altars:


Innate Abilities, Weirdness & Mutations

Your natural rate of healing is accelerated.
You have razor-sharp teeth.
You have supernaturally acute eyesight. (SInv)
You are afflicted with vampirism and can become a bat while bloodless.


Message History

You closely miss the adder. The adder barely misses you. The adder bites you.
You are poisoned.
The adder poisons you!
Okay, then.
You miss the adder.
You feel sick. The adder misses you.
You miss the adder.
You feel sick. The adder bites you.
You closely miss the adder. Your bite misses the adder.
You feel sick. The adder misses you.
You hit the adder. Your bite misses the adder.
The adder is moderately wounded.
You feel sick. The adder bites you but does no damage.
You closely miss the adder.
The adder is moderately wounded.
You feel sick. The adder bites you. x2
* * * LOW HITPOINT WARNING * * *
You hit the adder.
The adder is severely wounded.
You feel sick. The adder bites you.
* * * LOW HITPOINT WARNING * * *
You are lethally poisoned!
The adder poisons you!
You hit the adder.
You kill the adder!
* * * LOW HITPOINT WARNING * * *
You feel sick.
Your Stealth skill increases to level 5!
You have reached level 3!
Your experience leads to an increase in your attributes!
Increase (S)trength, (I)ntelligence, or (D)exterity?
You feel agile. x2
You can now turn into a vampire bat when bloodless.
Okay, then.
Keep bloodletting?
* * * LOW HITPOINT WARNING * * *
You feel sick.
You begin bloodletting.
You continue bloodletting.
* * * LOW HITPOINT WARNING * * *
You feel sick.
You continue bloodletting.
You die...

#### >.# #.# #
#.# .#.#
#<#####....#
#..†@.†....#
.........!.....##
###########.#$##
.# .. .# ## .# .#
.#


There were no monsters in sight!

Vanquished Creatures
  2 adders (D:2)
  2 dart slugs (D:1)
  A bat (D:1)
  An endoplasm (D:1)
  A giant cockroach (D:1)
  2 jackals (D:1)
  A ball python (D:1)
  5 rats
15 creatures vanquished.

Notes
Turn   | Place    | Note
-------+----------+-------------------------------------------
     0 | D:1      | Dreamer the Vampire Enchanter began the quest for the Orb.
     0 | D:1      | Reached XP level 1. HP: 13/13 MP: 3/3
   164 | D:1      | Reached XP level 2. HP: 17/19 MP: 5/5
   167 | D:1      | Learned a level 2 spell: Ensorcelled Hibernation
   573 | D:2      | Reached skill level 5 in Stealth
   573 | D:2      | Gained mutation: You are afflicted with vampirism and can
                  | become a bat while bloodless. [Vampire growth]
   573 | D:2      | Reached XP level 3. HP: 3/24 MP: 2/7
   573 | D:2      | HP: 1/24 [poisoned by an adder]
   575 | D:2      | Succumbed to an adder's poison

Illustrated notes

Levels and vault maps discovered:
D:1:      lightli_arrival_flooded_house, layout_rooms
D:2:      layout_loops_ring, shapermc_ecumenical_altar_mp_vishouse

Skill      XL: |  1  2 |
---------------+-------+-----
Stealth        | 5 |  5.0
Short Blades   | |  1.1
Dodging        | |  2.1
Spellcasting   | |  2.8
Hexes          | |  4.9

Action                   || total
-------------------------++-------
Melee: Dagger            ||    56
       Bite              ||     3
       Punch             ||     1
 Cast: Ensorcelled Hiber ||     4
 Abil: Exsanguinate      ||     1
 Stab: Sleeping          ||     3
Armor: Robe              ||     9
Dodge: Dodged            ||    34

Table legend: (Time is in decaauts)
 A = Elapsed time spent in this place.
 B = Non-inter-level travel time spent in this place.
 C = Inter-level travel time spent in this place.
 D = Time resting spent in this place.
 E = Time spent auto-exploring this place.
 F = Levels seen in this place.
 G = Mean time per level.
                   A        B        C        D        E       F      G
               +--------+--------+--------+--------+--------+-----+--------+
         Total |    574 |    546 |     28 |     13 |    369 |   2 |  287.0 |
       Dungeon |    574 |    546 |     28 |     13 |    369 |   2 |  287.0 |
               +--------+--------+--------+--------+--------+-----+--------+

Top non-repeatable levels by time:
     D:1: 549 daAuts
     D:2: 24 daAuts
